 Dungeon Sprint DCSS version 0.24-a0-459-g225fefd530 (webtiles) character file.

Game seed: 9076535891274655405

7155 Arthanis the Scorcher (level 10, -12/50 HPs)
             Began as a Deep Elf Fire Elementalist on June 28, 2019.
             Was the Champion of Vehumet.
             Mangled by an earth elemental (35 damage)
             ... in the Dungeon (Sprint V: "Ziggurat Sprint").
             The game lasted 00:08:01 (515 turns).

Arthanis the Scorcher (Deep Elf Fire Elementalist)   Turns: 515, Time: 00:08:02

Health: -12/50     AC:  2    Str: 24    XL:     10   Next: 86%
Magic:  23/38      EV: 11    Int: 24    God:    Vehumet [******]
Gold:   0          SH: 26    Dex: 17    Spells: 10/36 levels left

rFire    x . .     SeeInvis .   G - +7 Singing Sword {slice, sonic wave}
rCold    . . .     Gourm    +   J - +18 shield of the Gong {rElec rN+ MR+ EV-5}
rNeg     + . .     Faith    .   S - +0 robe of the Page of Swords {rPois rF- Str+2 Dex+2}
rPois    +         Spirit   .   (no helmet)
rElec    +         Reflect  .   (no cloak)
rCorr    .         Harm     .   (no gloves)
MR       +++..     NoTele   +   (no boots)
Stlth    ++........             O - amulet "Afrac" {Gourm rPois MR+ MP+9}
HPRegen  0.16/turn              D - +6 ring of strength
MPRegen  0.26/turn              E - +6 ring of strength

@: mighty, studying Dodging
A: no striking features
a: Renounce Religion


You were in the Dungeon.
You worshipped Vehumet.
Vehumet was exalted by your worship.
You were not hungry.

You visited 1 branch

Inventory:

Hand Weapons
 G - the +7 Singing Sword (weapon) {slice, sonic wave}
   (You found it in the Dungeon)

   It inflicts extra damage upon your enemies.
 H - the +8 lance "Wyrmbane" {slay drac, rPois rF+ rC+ AC+3}
   (You found it in the Dungeon)

   It affects your AC (+3).
   It protects you from fire.
   It protects you from cold.
   It protects you from poison.
 I - the +6 Majin-Bo {vamp, Archmagi MP+6 Int+6}
   (You found it in the Dungeon)

   It inflicts no extra harm, but heals its wielder when it wounds a living foe.
   It affects your intelligence (+6).
   It affects your magic capacity (+6).
 M - the +12 glaive of Feaga {chop, MR+ Str+2 Int+4 Dex+3}
   (You found it in the Dungeon)

   It inflicts extra damage upon your enemies.
   It affects your strength (+2).
   It affects your intelligence (+4).
   It affects your dexterity (+3).
   It affects your resistance to hostile enchantments.
 R - the +8 morningstar "Kuthayma" {venom, rN+ Int+5}
   (You found it in the Dungeon)

   It poisons the flesh of those it strikes.
   It affects your intelligence (+5).
   It protects you from negative energy.
Armour
 a - a +0 robe
 J - the +18 shield of the Gong (worn) {rElec rN+ MR+ EV-5}
   (You found it in the Dungeon)

   It affects your evasion (-5).
   It insulates you from electricity.
   It protects you from negative energy.
   It affects your resistance to hostile enchantments.
 K - the +15 Maxwell's patent armour {-Cast -Tele rElec MR+ rCorr}
   (You found it in the Dungeon)

   It insulates you from electricity.
   It affects your resistance to hostile enchantments.
   It prevents spellcasting.
   It prevents most forms of teleportation.
   It provides partial protection from all sources of acid and corrosion.
 S - the +0 robe of the Page of Swords (worn) {rPois rF- Str+2 Dex+2}
   (You found it in the Dungeon)

   It affects your strength (+2).
   It affects your dexterity (+2).
   It makes you vulnerable to fire.
   It protects you from poison.
Magical Staves
 x - an uncursed staff of energy
 Q - an uncursed staff of cold
Jewellery
 y - an uncursed ring of flight
 z - a +6 ring of dexterity
 A - a +6 ring of dexterity
 B - a +6 ring of intelligence
 C - a +6 ring of intelligence
 D - a +6 ring of strength (left hand)
 E - a +6 ring of strength (right hand)
 O - the amulet "Afrac" (around neck) {Gourm rPois MR+ MP+9}
   (You found it in the Dungeon)

   [amulet of the gourmand]

   It allows you to eat raw meat even when not hungry.
   It protects you from poison.
   It affects your resistance to hostile enchantments.
   It affects your magic capacity (+9).
 P - an uncursed ring of ice
Wands
 u - a wand of disintegration (4)
 w - a wand of acid (3)
Scrolls
 i - 4 scrolls of blinking
 o - 4 scrolls of amnesia
 p - 7 scrolls of fog
 q - a scroll of holy word
 r - 5 scrolls of identify
 s - 5 scrolls of remove curse
 t - 2 scrolls of fear
Potions
 b - 2 potions of brilliance
 d - 9 potions of curing
 e - 13 potions of heal wounds
 f - 6 potions of haste
 g - 7 potions of magic
 h - a potion of berserk rage
 k - 4 potions of resistance
 m - 5 potions of agility
 n - 2 potions of might
Books
 N - a manual of Dodging
Miscellaneous
 j - 3 boxes of beasts
 v - a lamp of fire
 F - a lightning rod (4/4)
 L - a lightning rod (4/4)
 T - a sack of spiders
Comestibles
 c - 7 rations
 l - 2 chunks of flesh


   Skills:
 - Level 0.2 Long Blades
 + Level 9.1 Dodging
 - Level 2.4 Stealth
 - Level 0.2 Shields
 + Level 13.8 Spellcasting
 * Level 15.7 Conjurations
 * Level 16.1 Fire Magic
 + Level 11.0 Evocations


You had 10 spell levels left.
You knew the following spells:

 Your Spells              Type           Power        Failure   Level  Hunger
a - Flame Tongue          Conj/Fire      #####        1%          1    None
b - Fireball              Conj/Fire      #######...   1%          5    ###....
c - Ignition              Fire           #######...   45%         8    #######
d - Orb of Destruction    Conj           #######...   9%          7    ######.
e - Iskenderun's Battles  Conj/Chrm      ######..     7%          5    ###....

Your spell library contained the following spells:

 Spells                   Type           Power        Failure   Level  Hunger
 Throw Frost              Conj/Ice       ######       1%          2    None
 Magic Dart               Conj           ####         1%          1    None
 Shock                    Conj/Air       ####         1%          1    None
 Sting                    Conj/Pois      ####         1%          1    None
 Throw Flame              Conj/Fire      ######       1%          2    None
 Conjure Flame            Conj/Fire      #######.     1%          3    None
 Inner Flame              Hex/Fire       ######..     1%          3    None
 Static Discharge         Conj/Air       ######..     1%          3    None
 Sticky Flame             Conj/Fire      #######.     1%          4    None
 Mephitic Cloud           Conj/Pois/Air  #####...     2%          3    None
 Throw Icicle             Conj/Ice       ######..     2%          4    None
 Bolt of Magma            Conj/Fire/Erth ######....   2%          5    ###....
 Lightning Bolt           Conj/Air       ######....   7%          5    ###....
 Venom Bolt               Conj/Pois      ######....   7%          5    ###....
 Animate Skeleton         Necr           N/A          24%         1    None
 Corona                   Hex            ###....      24%         1    None
 Infusion                 Chrm           ###.         24%         1    None
 Shroud of Golubria       Chrm/Tloc      ###...       36%         2    None
 Slow                     Hex            ###.....     36%         2    None
 Iron Shot                Conj/Erth      ######....   36%         6    #####..
 Portal Projectile        Hex/Tloc       ###...       58%         3    None
 Spider Form              Tmut/Pois      ###.......   58%         3    None
 Teleport Other           Tloc           ###.....     58%         3    None
 Spellforged Servitor     Conj/Summ      ######....   87%         7    ######.
 Cause Fear               Hex            ###.......   94%         4    None
 Leda's Liquefaction      Hex/Erth       ###.......   94%         4    None
 Agony                    Necr           ###.....     100%        5    ###....
 Silence                  Hex/Air        ###.......   100%        5    ###....
 Summon Demon             Summ           ###.......   100%        5    ###....
 Deflect Missiles         Chrm/Air       ###.......   100%        6    #####..
 Controlled Blink         Tloc           N/A          100%        8    #######
 Dragon's Call            Summ           ###.......   100%        9    #######
 Shatter                  Erth           ###.......   100%        9    #######
 Tornado                  Air            ###.......   100%        9    #######


Dungeon Overview and Level Annotations

Branches:
Dungeon (1/1)

Altars:
Ashenzari
Cheibriados
Dithmenos
Elyvilon
Fedhas
Gozag
Hepliaklqana
Kikubaaqudgha
Makhleb
Nemelex Xobeh
Okawaru
Qazlal
Ru
Sif Muna
Trog
Uskayaw
Vehumet
Wu Jian
Xom
Yredelemnul
Zin
The Shining One
Beogh
Jiyva
Lugonu

Annotations:
D 1 transporter


Message History

The toenail golem is severely damaged.
The bolt of acid hits the earth elemental!
The earth elemental is splashed with acid.
The acid corrodes the earth elemental!
The earth elemental is severely damaged.
You block the toenail golem's attack.
PANG!
You slice the toenail golem!!
You destroy the toenail golem!
Vehumet accepts your kill.
You feel your power returning.
Your Dodging skill increases to level 9!
Your Evocations skill increases to level 11!
You block the earth elemental's attack.
BOUMMMMG!
You slash the earth elemental!
The earth elemental is almost destroyed.
The earth elemental hits you!!
Ouch! That really hurt!
You die...

..8©8...▓
▓..:[):"..▓
▓...}:=:).▓
▓......)..▓
▓.........▓
▓.........▓
▓.........▓
▓........E▓
▓....©...@▓
▓▓▓▓▓▓▓▓▓▓▓


You could see an earth elemental.

Vanquished Creatures
  2 spriggan druids (D)
  5 toenail golems (D)
  A black mamba (D)
  2 gargoyles (D)
  A jumping spider (D)
  A wind drake (D)
  A hornet (D)
  2 polar bears (D)
  A raiju (D)
  A redback (D)
  2 spriggans (D)
  2 nagas (D)
  A hell hound (D)
  2 water moccasins (D)
  A porcupine (D)
  2 orc warriors (D)
  A black bear (D)
  A wolf (D)
  An earth elemental (D)
  A small abomination (D)
  2 crimson imps (D)
  2 quasits (D)
  2 orc priests (D)
  An iron imp (D)
  An iguana (D)
  An orc wizard (D)
  3 adders (D)
  2 river rats (D)
  3 shadow imps (D)
  3 white imps (D)
  An ufetubus (D)
  3 orcs (D)
  A ball python (D)
  A bat zombie (D)
  A leopard gecko zombie (D)
58 creatures vanquished.

Notes
Turn   | Place    | Note
-------+----------+-------------------------------------------
     0 | D        | Found the +6 Majin-Bo {vamp, Archmagi MP+6 Int+6}
     0 | D        | Found the +7 great mace "Firestarter" {inner flame, rF++}
     0 | D        | Arthanis the Deep Elf Fire Elementalist began the quest for
                  | the Orb.
     0 | D        | Reached XP level 1. HP: 10/10 MP: 6/6
     0 | D        | Found a deep blue altar of Sif Muna.
     0 | D        | Found a sacrificial altar of Ru.
     0 | D        | Found a bloodstained altar of Trog.
     0 | D        | Found a stormy altar of Qazlal.
     0 | D        | Found an iron altar of Okawaru.
     0 | D        | Found a sparkling altar of Nemelex Xobeh.
     0 | D        | Found a blossoming altar of Fedhas.
     2 | D        | Found a transporter.
     2 | D        | Found an ancient bone altar of Kikubaaqudgha.
     2 | D        | Found a viscous altar of Jiyva.
     2 | D        | Found a corrupted altar of Lugonu.
     2 | D        | Found a hazy altar of Hepliaklqana.
     2 | D        | Found a burning altar of Makhleb.
     2 | D        | Found an opulent altar of Gozag.
    20 | D        | Found the +6 shillelagh "Devastator" {shatter}
    20 | D        | Found the +11 plutonium sword {*Contam Stlth-}
    20 | D        | Found the +8 lance "Wyrmbane" {slay drac, rPois rF+ rC+
                  | AC+3}
    20 | D        | Found the +9 sword of Zonguldrok {reap}
    20 | D        | Found the cursed +13 scythe of Curses {drain, *Curse}
    20 | D        | Found the +0 sword of Power
    20 | D        | Found the +7 mace of Variability {chain chaos}
    20 | D        | Found the +7 Singing Sword {slice, sonic wave}
    20 | D        | Found the +8 storm bow {elec, penet}
    30 | D        | Became a worshipper of Vehumet
    43 | D        | Found the +9 heavy crossbow "Sniper" {velocity, Acc+∞ SInv}
    43 | D        | Found the +10 dark maul {crush}
    43 | D        | Found the +15 Maxwell's patent armour {-Cast -Tele rElec
                  | MR+ rCorr}
    43 | D        | Found the +18 shield of the Gong {rElec rN+ MR+ EV-5}
    43 | D        | Found the cursed +14 obsidian axe {chop, +Fly SInv *Curse}
    64 | D        | Reached skill level 5 in Spellcasting
    64 | D        | Reached skill level 5 in Conjurations
    64 | D        | Reached skill level 6 in Fire Magic
    64 | D        | Reached XP level 2. HP: 15/15 MP: 7/10
    67 | D        | Entered arena 2.
    67 | D        | Found a transporter.
    88 | D        | Entered arena 3.
    88 | D        | Noticed a polar bear
    88 | D        | Noticed a polar bear
    88 | D        | Found a transporter.
    89 | D        | Reached * piety under Vehumet
    89 | D        | Offered knowledge of Sting by Vehumet.
    89 | D        | Reached XP level 3. HP: 19/19 MP: 12/12
    94 | D        | Killed a polar bear
    94 | D        | Reached skill level 9 in Fire Magic
    94 | D        | Reached XP level 4. HP: 23/24 MP: 13/15
    94 | D        | Reached XP level 5. HP: 27/28 MP: 13/16
    96 | D        | Killed a polar bear
    96 | D        | Reached skill level 10 in Fire Magic
    96 | D        | Reached skill level 5 in Evocations
    96 | D        | Reached XP level 6. HP: 31/32 MP: 15/19
   108 | D        | Got Ceug's Incunabulum of Damaging Intoxication
   110 | D        | Entered arena 4.
   110 | D        | Found a transporter.
   111 | D        | Reached ** piety under Vehumet
   126 | D        | Got the +12 glaive of Feaga {chop, MR+ Str+2 Int+4 Dex+3}
   129 | D        | Entered arena 5.
   129 | D        | Noticed a porcupine
   129 | D        | Found a transporter.
   130 | D        | Reached *** piety under Vehumet
   130 | D        | Reached XP level 7. HP: 26/36 MP: 19/21
   134 | D        | Reached skill level 10 in Conjurations
   134 | D        | Reached skill level 11 in Fire Magic
   148 | D        | Got the amulet "Afrac" {Gourm rPois MR+ MP+9}
   156 | D        | Learned a level 5 spell: Fireball
   159 | D        | Got the Volume of Cankerous Displacement
   161 | D        | Entered arena 6.
   161 | D        | Found a transporter.
   172 | D        | Reached **** piety under Vehumet
   174 | D        | Reached ***** piety under Vehumet
   186 | D        | Entered arena 7.
   186 | D        | Noticed a spriggan rider
   186 | D        | Noticed a spriggan druid
   186 | D        | Noticed a spriggan
   186 | D        | Noticed a spriggan druid
   188 | D        | Killed a spriggan druid
   188 | D        | Reached skill level 10 in Spellcasting
   188 | D        | Reached skill level 12 in Fire Magic
   188 | D        | Reached XP level 8. HP: 36/41 MP: 24/24
   190 | D        | Killed a spriggan druid
   190 | D        | Reached skill level 13 in Fire Magic
   190 | D        | Reached XP level 9. HP: 19/45 MP: 26/26
   190 | D        | Killed a spriggan rider
   190 | D        | Reached skill level 14 in Fire Magic
   195 | D        | Found a transporter.
   209 | D        | Got the +8 morningstar "Kuthayma" {venom, rN+ Int+5}
   356 | D        | Entered arena 8.
   356 | D        | Noticed a wind drake
   356 | D        | Noticed a jumping spider
   359 | D        | Offered knowledge of Throw Frost by Vehumet.
   359 | D        | Reached ****** piety under Vehumet
   359 | D        | Killed a wind drake
   362 | D        | Killed a jumping spider
   363 | D        | Found a transporter.
   397 | D        | Got the +0 robe of the Page of Swords {rPois rF- Str+2
                  | Dex+2}
   405 | D        | Entered arena 9.
   414 | D        | Reached XP level 10. HP: 48/50 MP: 28/28
   417 | D        | Found a transporter.
   456 | D        | Learned a level 8 spell: Ignition
   456 | D        | Entered arena 10.
   456 | D        | Noticed a black mamba
   457 | D        | Reached skill level 10 in Evocations
   458 | D        | Reached skill level 15 in Fire Magic
   459 | D        | Killed a black mamba
   459 | D        | Reached skill level 5 in Dodging
   463 | D        | Found a transporter.
   471 | D        | Got the Grimoire of Aid and Black Arts
   473 | D        | Got the Reference Book on Floating Companions
   487 | D        | Learned a level 7 spell: Orb of Destruction
   493 | D        | Learned a level 5 spell: Iskenderun's Battlesphere
   495 | D        | Entered arena 11.
   495 | D        | Noticed a toenail golem
   495 | D        | Noticed a toenail golem
   495 | D        | Noticed a toenail golem
   495 | D        | Noticed a gargoyle
   495 | D        | Noticed a toenail golem
   495 | D        | Noticed a gargoyle
   495 | D        | Noticed a toenail golem
   497 | D        | Killed a gargoyle
   497 | D        | Killed a gargoyle
   503 | D        | Killed a toenail golem
   503 | D        | Reached skill level 15 in Conjurations
   504 | D        | Killed a toenail golem
   509 | D        | Killed a toenail golem
   510 | D        | Killed a toenail golem
   510 | D        | Reached skill level 16 in Fire Magic
   511 | D        | Found a transporter.
   514 | D        | Killed a toenail golem
   515 | D        | Mangled by an earth elemental

Levels and vault maps discovered:
D:        sprint_v [room_start, room_1, room_2, room_3, room_4, room_5, room_6,
          room_7, room_8, room_9, room_10, room_11, room_12, room_13, room_14,
          room_15, room_16, room_17, room_18, room_19, room_20, room_21,
          room_22, room_23, room_24, room_25, room_26, room_27]

Skill      XL: |  1  2  3  4  5  6  7  8  9 10 |
---------------+-------------------------------+-----
Spellcasting   | 5 7 8 9 10 11 12 13 | 13.8
Conjurations   | 5 8 9 11 12 14 15 | 15.7
Fire Magic     | 6 9 10 12 13 14 16 | 16.1
Evocations     | 4 5 7 8 9 11 | 11.0
Dodging        | 3 9 |  9.1
Long Blades    | |  0.2
Stealth        | |  2.4
Shields        | |  0.2

Action                   |  1- 3 |  4- 6 |  7- 9 | 10-12 || total
-------------------------+-------+-------+-------+-------++-------
Melee: Double sword      |    15 |     7 |    27 |     6 ||    55
 Cast: Fireball          |       |       |       |    12 ||    12
Evoke: Wand              |     2 |     1 |     8 |     3 ||    14
  Use: Potion            |     4 |       |     5 |     1 ||    10
 Stab: Invisible         |       |     1 |       |       ||     1
  Eat: Chunk             |       |       |    11 |       ||    11
Armor: Plate armour      |    26 |    21 |    39 |     2 ||    88
Dodge: Dodged            |     2 |       |       |     2 ||     4
Block: Shield            |    35 |    21 |    67 |    23 ||   146

Table legend:
 A = Non-vault XP
 B = Vault XP
 C = Vault XP percentage of total XP
 D = Non-vault monster count
 E = Vault monster count
 F = Vault count percentage of total count
                 A         B        C        D         E       F
            +---------+---------+-------+---------+---------+-------
      Total |     276 |    9934 |  97.3 |       1 |      57 |  98.3
            +---------+---------+-------+---------+---------+-------
          D |     276 |    9934 |  97.3 |       1 |      57 |  98.3
            +---------+---------+-------+---------+---------+-------
